 Dungeon Crawl Stone Soup version 0.28.0-53-g5a82cb258f (webtiles) character file.

Game seed: 8990631894320346049

152 SanguineChosen the Cudgeller (level 5, 0/33 HPs)
             Began as a Gargoyle Berserker on June 29, 2022.
             Was a Believer of Trog.
             Slain by an orc
             ... wielding a +0 morningstar
              (4 damage)
             ... on level 3 of the Dungeon.
             The game lasted 00:11:59 (5696 turns).

SanguineChosen the Cudgeller (Gargoyle Berserker)   Turns: 5696, Time: 00:12:00

Health: 0/33       AC:  7    Str: 22    XL:     5   Next: 34%
Magic:  0/5        EV: 11    Int:  8    God:    Trog [**....]
Gold:   100        SH:  0    Dex:  9    Spells: 4/4 levels left

rFire   . . .      SeeInvis .   m - +0 whip (elec)
rCold   . . .      Faith    .   (no shield)
rNeg    + . .      Spirit   +   h - +0 leather armour
rPois   ∞          Reflect  .   (no helmet)
rElec   +          Harm     .   (no cloak)
rCorr   .          Rampage  .   (no gloves)
Will    .....                   (no boots)
Stlth   +.........              j - amulet of guardian spirit
HPRegen 0.11/turn               (no ring)
MPRegen 0.09/turn               (no ring)

@: flying (expiring)
A: sickness immunity, AC +4, negative energy resistance 1, electricity
resistance, torment resistance 1, petrification resistance
a: Renounce Religion, Berserk, Trog's Hand


You were on level 3 of the Dungeon.
You worshipped Trog.
Trog was pleased with you.
You visited 1 branch of the dungeon, and saw 3 of its levels.

You collected 100 gold pieces.

Inventory:

Hand Weapons
 a - a +0 mace
 m - a +0 whip of electrocution (weapon)
Armour
 b - a +0 animal skin
 h - a +0 leather armour (worn)
Jewellery
 j - an amulet of guardian spirit (around neck)
Scrolls
 c - a scroll of torment
 d - a scroll of teleportation {unknown}
 e - a scroll of enchant armour {unknown}
 g - a scroll of vulnerability {unknown}
 l - a scroll of identify


   Skills:
 + Level 4.0 Fighting
 + Level 4.5 Maces & Flails
 + Level 2.9 Armour
 + Level 2.3 Dodging
 + Level 0.8 Stealth


You had 4 spell levels left.
You didn't know any spells.
Your spell library was empty.

Dungeon Overview and Level Annotations

Branches:
Dungeon (3/15)

Altars:

Shops:
D:2 =


Innate Abilities, Weirdness & Mutations

You are immune to sickness and miasma.
Your stone body is resilient. (AC +4)
You are immune to poison.
You resist negative energy. (rN+)
You are resistant to electric shocks. (rElec)
You are resistant to unholy torment.
You are immune to petrification.


Message History

The orc wizard completely misses you.
You hit the orc wizard.
The orc wizard is severely wounded.
The orc wizard points at you and mumbles some strange words.
The puff of flame hits you!
* * * LOW HITPOINT WARNING * * *
You hit the orc wizard.
You kill the orc wizard!
Trog accepts your kill.
Trog appreciates your killing of a magic user.
Throw: dart (poison)
Press: ? - help, Q - select action, (/) - cycle Shift-Dir - straight line, f - orc
Aim: an orc, wielding a +0 morningstar (56% to hit)
You throw a poisoned dart. The poisoned dart hits the orc.
The orc is poisoned.
Something hits you but does no damage.
Deactivating autopickup; reactivate with Ctrl-A.
You closely miss something. Your punch misses something.
Something hits you but does no damage.
The orc looks more healthy.
You hear some strange, mumbled words.
A puff of flame appears from out of thin air!
The puff of flame misses you.
You are starting to lose your buoyancy.
You hear some strange, mumbled words.
Something tries to affect you, but you resist.
You closely miss something. The orc barely misses you.
You hit something but do no damage. Lightning courses through something!
Something hits you but does no damage.
You hit something. The orc hits you but does no damage.
You hear some strange, mumbled words.
Something tries to affect you, but you resist.
You closely miss something. The orc hits you with a +0 morningstar!
* * * LOW HITPOINT WARNING * * *
You hear some strange, mumbled words.
Something tries to affect you, but you resist.
As you read the scroll labelled DOIHIPRY OKEU, it crumbles to dust.
It is a scroll of identify.
c - a scroll of torment The orc hits you with a +0 morningstar.
You die...

#.# ##..⌠..##.... #.#
##...##'###+ #.#
#.......# #. #.#
#)####..###) #.# #)#
#...... #.# #.# #......
#.# #.# #..####
######.######.####... #
#......@{.....##.##..###
#.####..o..####.........
#.########.####..##.####
#.#......#.##.#..##.# #
#.#......#.##.#..##.# #
#.#......#.##÷#..##.## #
#.'..................# #
###......#######.##..#
#......#### #.....#


You could see an orc.

Vanquished Creatures
  An orc wizard (D:3)
  A hound skeleton (D:2)
  3 gnolls (D:3)
  3 adders
  A worm (D:2)
  A dart slug (D:2)
  An orc (D:3)
  5 ball pythons
  8 endoplasms
  4 giant cockroaches
  5 hobgoblins
  5 jackals
  3 quokkas
  4 bats
  A frilled lizard (D:1)
  3 goblins
  7 kobolds
  9 rats
65 creatures vanquished.

Notes
Turn   | Place    | Note
-------+----------+-------------------------------------------
     0 | D:1      | SanguineChosen the Gargoyle Berserker began the quest for
                  | the Orb.
     0 | D:1      | Reached XP level 1. HP: 14/14 MP: 1/1
   383 | D:1      | Reached XP level 2. HP: 16/19 MP: 2/2
  1052 | D:1      | Found a faded altar of an unknown god.
  1357 | D:2      | Reached XP level 3. HP: 16/23 MP: 3/3
  1491 | D:2      | Found Zokhluas's Jewellery Shoppe.
  1824 | D:2      | Reached ** piety under Trog
  2544 | D:2      | Reached XP level 4. HP: 28/29 MP: 4/4
  4209 | D:3      | Reached XP level 5. HP: 33/33 MP: 5/5
  5696 | D:3      | Slain by an orc

Illustrated notes

Levels and vault maps discovered:
D:1:      heliophobic_arrival_battle_scene, layout_rooms,
          shapermc_ecumenical_altar_pompeii
D:2:      layout_loops_corners, serial_shops, nicolae_shop_crystal,
          corexii_hall_statues_x
D:3:      layout_basic, grunt_ministairs_9, interstate_on_off,
          serial_park_tiny_2

Skill      XL: |  1  2  3  4  5 |
---------------+----------------+-----
Dodging        | 2 |  2.3
Maces & Flails | 4 |  4.5
Fighting       | 4 |  4.0
Armour         | |  2.9
Stealth        | |  0.8

Action                   |  1- 3 |  4- 6 || total
-------------------------+-------+-------++-------
Melee: Mace              |   115 |    31 ||   146
       Punch             |     2 |     1 ||     3
       Whip              |       |   121 ||   121
Throw: Dart              |       |     2 ||     2
Invok: Trog's Hand       |     1 |       ||     1
  Use: Potion            |       |     4 ||     4
       Scroll            |       |     1 ||     1
 Stab: Sleeping          |       |     1 ||     1
Armor: Animal skin       |    17 |       ||    17
       Leather armour    |    32 |    59 ||    91
Dodge: Dodged            |    97 |    76 ||   173
